 Dungeon Crawl Stone Soup version 0.18-a0-910-g1648204 (webtiles) character file.

28103 ThirstyDrain the Bewitcher (level 13, -7/91 HPs)
             Began as a Vampire Enchanter on Dec 25, 2015.
             Was the Champion of Okawaru.
             Mangled by an ice devil (16 damage)
             ... in an ice cave.
             The game lasted 01:21:22 (17458 turns).

ThirstyDrain the Bewitcher (Vampire Enchanter)     Turns: 17458, Time: 01:21:23

Health: -7/91      AC: 18    Str:  7    XL:     13   Next: 8%
Magic:  12/30      EV: 11    Int: 21    God:    Okawaru [******]
Gold:   434        SH:  0    Dex: 20    Spells: 5 memorised, 9 levels left

rFire  + . .     SeeInvis +     a - +2 dagger
rCold  . . .     Gourm    .     K - +7 scale mail of the Ward {Dex+4}
rNeg   . . .     Faith    .     (no shield)
rPois  .         Spirit   .     z - +2 hat
rElec  .         Dismiss  +     A - +0 cloak
rCorr  .         Reflect  .     d - +0 pair of gloves
SustAt .         Harm     .     r - +0 pair of boots
MR     ++...                    e - amulet of dismissal
Stlth  +++++.....               o - ring of magical power
                                m - ring of protection from fire

@: very slightly contaminated, regenerating quickly, very resistant to hostile
enchantments, quite stealthy
A: fangs 3, see invisible, magic resistance 1, unbreathing
a: Heroism, Finesse, Renounce Religion


You were in an ice cave.
You worshipped Okawaru.
Okawaru was exalted by your worship.
You were very full.

You visited 3 branches of the dungeon, and saw 17 of its levels.
You also visited: Ossuary, Ice Cave and Volcano.

You collected 1067 gold pieces.
You spent 633 gold pieces at shops.

Inventory:

Hand Weapons
 a - a +2 dagger (weapon)
 g - a +1 long sword of holy wrath
 P - a +0 greatsling
 R - the +4 rapier of Exquisite Death {freeze, *Drain rN+++ Int-5 Dex+6}
   (You bought it in a shop on level 8 of the Dungeon)

   It has been specially enchanted to freeze those struck by it, causing extra
   injury to most foes and up to half again as much damage against particularly
   susceptible opponents.
   It can also slow down cold-blooded creatures.
   It affects your intelligence (-5).
   It affects your dexterity (+6).
   It renders you almost immune to negative energy.
   It causes draining when unequipped.
 Z - a +1 short sword of electrocution
Missiles
 h - 7 javelins (quivered)
 p - 7 needles of sleeping
Armour
 d - a +0 pair of gloves (worn)
 r - a +0 pair of boots (worn)
 z - a +2 hat (worn)
 A - a +0 cloak (worn)
 K - the +7 scale mail of the Ward (worn) {Dex+4}
   (Okawaru gifted it to you on level 4 of the Lair of Beasts)

   It affects your dexterity (+4).
Rods
 u - a +9 rod of clouds (15/15)
   (You found it on level 3 of the Dungeon)
Jewellery
 e - an amulet of dismissal (around neck)
 m - a ring of protection from fire (left hand)
 o - a ring of magical power (right hand)
 x - an uncursed ring of positive energy
 S - an uncursed amulet of rage
Wands
 D - a wand of flame (15/48)
 M - a wand of disintegration (20/24)
 T - a wand of draining (8/15)
 U - a wand of fireball (4/15)
 X - a wand of enslavement (17/24)
 Y - a wand of enslavement (10/24)
Scrolls
 f - 3 scrolls of teleportation
 i - 9 scrolls of remove curse
 l - a scroll of recharging
 n - 8 scrolls of fear
 q - 4 scrolls of blinking
 G - 2 scrolls of enchant weapon
 J - 2 scrolls of random uselessness
 N - a scroll of amnesia
 O - a scroll of fog
Potions
 b - 2 potions of might
 j - 2 potions of agility
 k - 2 potions of brilliance
 s - 10 potions of curing
 v - 2 potions of blood
 w - 3 potions of berserk rage
 B - 3 potions of ambrosia
 E - 5 potions of lignification
 F - 2 potions of invisibility
 H - a potion of resistance
 I - 6 potions of heal wounds
 L - a potion of flight {unknown}
 Q - a potion of magic
 W - a potion of haste
Books
 c - a book of Maledictions

   Spells                             Type                      Level
   a - Corona                         Hexes                        1
   b - Ensorcelled Hibernation        Hexes/Ice                    2
   c - Confuse                        Hexes                        3
   d - Tukima's Dance                 Hexes                        3
   e - Dazzling Spray                 Conjuration/Hexes            3
 C - a book of the Dragon

   Spells                             Type                      Level
   a - Flame Tongue                   Conjuration/Fire             1
   b - Cause Fear                     Hexes                        4
   c - Bolt of Fire                   Conjuration/Fire             6
   d - Dragon Form                    Transmutation                7
   e - Dragon's Call                  Summoning                    9
 V - a book of Death

   Spells                             Type                      Level
   a - Corpse Rot                     Necromancy                   2
   b - Sublimation of Blood           Necromancy                   2
   c - Agony                          Necromancy                   5
   d - Dispel Undead                  Necromancy                   5
   e - Excruciating Wounds            Charms/Necromancy            5
   f - Bolt of Draining               Conjuration/Necromancy       5
Miscellaneous
 t - a phantom mirror
 y - a fan of gales


   Skills:
 - Level 5.0 Fighting
 - Level 10.0 Short Blades
 - Level 0.1 Throwing
 - Level 8.7 Dodging
 - Level 12.0 Stealth
 * Level 5.4 Spellcasting
 - Level 18.0 Hexes
 - Level 6.0 Ice Magic
 - Level 5.0 Evocations


You had 9 spell levels left.
You knew the following spells:

 Your Spells              Type           Power        Failure   Level  Hunger
a - Corona                Hex            ######.      1%          1    None
b - Ensorcelled Hibernat  Hex/Ice        ######       1%          2    None
c - Dazzling Spray        Conj/Hex       #####...     12%         3    ##.....
d - Confuse               Hex            ######..     1%          3    ##.....
e - Cause Fear            Hex            ######....   1%          4    ####...


Dungeon Overview and Level Annotations

Branches:
Dungeon (10/15)            Temple (0/1) D:6            Lair (6/8) D:9
  Swamp (0/4) Lair:5        Snake (0/4) Lair:6          Orc (1/2) D:10
  Slime: Lair:6-8

Altars:
Ashenzari
Dithmenos
Elyvilon
Fedhas
Gozag
Kikubaaqudgha
Makhleb
Okawaru
Trog
Xom
Yredelemnul

Shops:
D:7 !   D:8 *%[}

Annotations:
D:4 exclusion: door
D:8 1 exclusion


Innate Abilities, Weirdness & Mutations

Your natural rate of healing is unusually fast.
You have razor-sharp teeth.
You have supernaturally acute eyesight.
You can survive without breathing.
You are resistant to hostile enchantments.


Message History

Casting: Dazzling Spray
Confirm with . or Enter, or press ? or * to list all spells.
Aiming: Dazzling Spray
Press: ? - help, Shift-Dir - straight line, f/p - ice devil
Aim: an ice devil (almost dead)
You miscast Dazzling Spray.
You are very lightly contaminated with residual magic.
You feel a bit tired. The ice devil hits you! The ice devil freezes you!
* * * LOW HITPOINT WARNING * * *
Casting: Dazzling Spray
Confirm with . or Enter, or press ? or * to list all spells.
Aiming: Dazzling Spray
Press: ? - help, Shift-Dir - straight line, f/p - ice devil
Aim: an ice devil (severely wounded)
The spray of energy hits the ice devil.
The ice devil is almost dead.
The ice devil hits you!
* * * LOW HITPOINT WARNING * * *
The ice devil freezes you!
You die...

...## ..... ......
...... #### ......#
######..##
.......##..##....##
.........4........#
⌠.........@...∩∩..#
.........##.......#
.......######....##
......# ##..##
...... #### ......
..... ...##


You could see an ice devil.

Vanquished Creatures
  3 hydras
  Pikel (D:4)
  An oklob plant (Lair:5)
  A griffon (Lair:5)
  5 elephants (Lair:6)
  3 black mambas
  A gargoyle (Volcano)
  10 spiny frogs
  An ice devil (IceCv)
  4 komodo dragons
  2 fire drakes (Lair:3)
  7 blink frogs
  Grum (D:8)
  Eustachio (D:5)
  2 basilisks
  31 yaks
  3 wraiths
  6 hippogriffs
  7 wolves
  A hungry ghost (D:10)
  2 swamp worms (Lair:5)
  6 sky beasts
  2 orc warriors
  2 phantoms
  8 porcupines
  18 water moccasins
  A slave (D:4)
  6 centaurs
  3 ogres
  An ice beast (D:9)
  8 crocodiles
  6 giant frogs
  A troll zombie (D:10)
  6 killer bees (D:8)
  2 scorpions
  4 electric eels
  A vampire bat (D:7)
  A giant frog zombie (D:5)
  5 wights (D:9)
  4 crimson imps
  Crazy Yiuf (D:3)
  A centaur zombie (D:10)
  6 hounds
  A jelly (D:8)
  11 iguanas
  10 orc priests
  5 orc wizards
  A quasit (D:10)
  Natasha (D:3)
  11 worker ants
  8 sheep (Lair:3)
  4 ogre zombies (D:10)
  A mummy (Ossuary)
  8 gnolls
  51 river rats
  15 adders
  2 oozes
  3 adder skeletons
  2 adder zombies (D:8)
  5 worms
  2 giant geckos
  38 orcs
  3 bats
  5 bat skeletons (D:7)
  3 giant cockroaches
  6 goblins
  7 hobgoblins
  7 jackals
  5 kobolds
  3 quokkas
  6 ball pythons
  A giant gecko skeleton (D:4)
  7 giant newts
  7 gnoll skeletons (Ossuary)
  2 gnoll zombies (D:4)
  2 goblin zombies (D:10)
  A hobgoblin skeleton (D:10)
  2 hobgoblin zombies (D:10)
  6 kobold skeletons (Ossuary)
  13 orc skeletons
  11 orc zombies (D:10)
  A quokka skeleton (D:4)
  A quokka zombie (D:6)
  11 rats
  A fungus (Lair:2)
  2 plants (D:8)
478 creatures vanquished.

Vanquished Creatures (collateral kills)
  An ogre zombie (D:10)
1 creature vanquished.

Vanquished Creatures (others)
  3 rats (D:4)
  3 fungi
  2 plants
8 creatures vanquished.

Grand Total: 487 creatures vanquished

Notes
Turn   | Place    | Note
--------------------------------------------------------------
     0 | D:1      | ThirstyDrain the Vampire Enchanter began the quest for the Orb.
     0 | D:1      | Reached XP level 1. HP: 13/13 MP: 3/3
     0 | D:1      | Found a burning altar of Makhleb.
   124 | D:1      | Reached skill level 5 in Hexes
   282 | D:1      | Reached XP level 2. HP: 13/19 MP: 3/5
   286 | D:1      | Learned a level 2 spell: Ensorcelled Hibernation
  1156 | D:2      | Reached XP level 3. HP: 15/24 MP: 1/6
  1308 | D:2      | Reached skill level 6 in Hexes
  1461 | D:2      | Found an opulent altar of Gozag.
  1594 | D:2      | Found a blossoming altar of Fedhas.
  1683 | D:2      | Learned a level 3 spell: Dazzling Spray
  1739 | D:2      | Reached skill level 1 in Ice Magic
  1922 | D:2      | Reached XP level 4. HP: 27/30 MP: 7/7
  1990 | D:3      | Identified a +4 rod of clouds (9/9) (You found it on level 3 of the Dungeon)
  2022 | D:3      | Reached skill level 7 in Hexes
  2052 | D:3      | Found a shimmering altar of Xom.
  2106 | D:3      | Reached skill level 1 in Evocations
  2109 | D:3      | Reached XP level 5. HP: 19/35 MP: 8/8
  2510 | D:3      | Noticed Natasha
  2517 | D:3      | Killed Natasha
  2742 | D:3      | Noticed Crazy Yiuf
  2750 | D:3      | Killed Crazy Yiuf
  2750 | D:3      | Reached XP level 6. HP: 26/41 MP: 8/9
  3134 | D:4      | Reached skill level 5 in Stealth
  3263 | D:4      | Noticed a moth of wrath
  3263 | D:4      | Noticed Pikel
  3281 | D:4      | Killed Pikel
  3281 | D:4      | Reached XP level 7. HP: 38/46 MP: 10/10
  3309 | D:4      | Found a bloodstained altar of Trog.
  3561 | D:4      | Found a basalt altar of Yredelemnul.
  3570 | D:4      | Learned a level 3 spell: Confuse
  3749 | D:5      | Entered Level 5 of the Dungeon
  4164 | D:5      | Reached XP level 8. HP: 23/52 MP: 6/11
  4708 | D:5      | Reached skill level 8 in Short Blades
  4818 | D:5      | Found a shadowy altar of Dithmenos.
  4892 | D:5      | Noticed Eustachio
  4921 | D:5      | Killed Eustachio
  5309 | D:6      | Reached skill level 9 in Stealth
  5445 | D:6      | Found a sand-covered staircase.
  5455 | Ossuary  | Entered an ossuary
  5600 | Ossuary  | Reached skill level 5 in Evocations
  6289 | D:6      | Found an iron altar of Okawaru.
  6296 | D:6      | Became a worshipper of Warmaster Okawaru
  6447 | D:6      | Reached XP level 9. HP: 57/57 MP: 12/12
  6498 | D:6      | Found a staircase to the Ecumenical Temple.
  6657 | D:7      | Reached * piety under Okawaru
  6804 | D:7      | Reached skill level 10 in Hexes
  7080 | D:7      | Found Boxucef's Distillery.
  7087 | D:7      | Bought a potion of haste for 140 gold pieces
  7087 | D:7      | Bought a potion of curing for 42 gold pieces
  7087 | D:7      | Bought a potion of heal wounds for 70 gold pieces
  7087 | D:7      | Bought a potion of curing for 42 gold pieces
  7087 | D:7      | Bought a potion of lignification for 42 gold pieces
  7249 | D:7      | Reached skill level 11 in Hexes
  7472 | D:7      | Found an ancient bone altar of Kikubaaqudgha.
  7617 | D:8      | Reached skill level 12 in Hexes
  7631 | D:8      | Reached ** piety under Okawaru
  7830 | D:8      | Found Xigeboat's Assorted Antiques.
  7862 | D:8      | Reached skill level 13 in Hexes
  7864 | D:8      | Noticed Grum
  7884 | D:8      | Reached XP level 10. HP: 60/63 MP: 13/13
  7890 | D:8      | Learned a level 4 spell: Cause Fear
  7915 | D:8      | Killed Grum
  7915 | D:8      | Reached skill level 14 in Hexes
  7925 | D:8      | Found Faagg's Food Emporium.
  8149 | D:8      | Found a white marble altar of Elyvilon.
  8339 | D:8      | Found Jacvyimp's Gadget Boutique.
  8392 | D:8      | Found Taget's Antique Armour Emporium.
  8908 | D:9      | Found a shattered altar of Ashenzari.
  9301 | D:9      | Found a staircase to the Lair.
  9410 | D:9      | Reached skill level 1 in Fighting
  9680 | D:10     | Entered Level 10 of the Dungeon
  9744 | D:10     | Reached *** piety under Okawaru
 10236 | D:10     | Reached skill level 5 in Fighting
 10749 | D:10     | Reached **** piety under Okawaru
 10758 | D:10     | Found a staircase to the Orcish Mines.
 10987 | D:10     | Reached skill level 15 in Hexes
 11253 | D:8      | Bought a polished rapier for 297 gold pieces
 11255 | D:8      | Identified the +4 rapier of Exquisite Death {freeze, *Drain rN+++ Int-5 Dex+6} (You bought it in a shop on level 8 of the Dungeon)
 11398 | Orc:1    | Entered Level 1 of the Orcish Mines
 11412 | Orc:1    | Noticed an orc sorcerer
 11414 | Orc:1    | Noticed an orc knight
 11655 | Lair:1   | Entered Level 1 of the Lair of Beasts
 11655 | Lair:1   | Noticed a black mamba
 11659 | Lair:1   | Killed a black mamba
 11659 | Lair:1   | Reached XP level 11. HP: 79/79 MP: 17/17
 11927 | Lair:1   | Reached skill level 16 in Hexes
 11963 | Lair:1   | Reached skill level 10 in Stealth
 12274 | Lair:1   | Found a dark tunnel.
 12290 | Volcano  | Entered a volcano
 12513 | Lair:1   | Reached ***** piety under Okawaru
 13038 | Lair:2   | Reached skill level 5 in Dodging
 13194 | Lair:2   | Noticed a five-headed hydra
 13197 | Lair:2   | Killed a five-headed hydra
 13197 | Lair:2   | Received a gift from Okawaru
 13990 | Lair:2   | Reached XP level 12. HP: 41/86 MP: 18/18
 15135 | Lair:3   | Noticed a six-headed hydra
 15158 | Lair:3   | Killed a six-headed hydra
 15158 | Lair:3   | Reached skill level 10 in Short Blades
 15341 | Lair:4   | Gained mutation: You are resistant to hostile enchantments. [potion of beneficial mutation]
 15449 | Lair:4   | Noticed a five-headed hydra
 15455 | Lair:4   | Killed a five-headed hydra
 15455 | Lair:4   | Reached ****** piety under Okawaru
 15559 | Lair:4   | Reached skill level 17 in Hexes
 15664 | Lair:4   | Received a gift from Okawaru
 15667 | Lair:4   | Got a polished scale mail {god gift}
 15679 | Lair:4   | Identified the +7 scale mail of the Ward {Dex+4} (Okawaru gifted it to you on level 4 of the Lair of Beasts)
 16247 | Lair:5   | Reached skill level 18 in Hexes
 16900 | Lair:5   | Found a staircase to the Swamp.
 16972 | Lair:6   | Reached skill level 5 in Ice Magic
 17012 | Lair:6   | Found a staircase to the Snake Pit.
 17129 | Lair:6   | Reached XP level 13. HP: 65/91 MP: 1/20
 17172 | Lair:6   | Reached skill level 5 in Spellcasting
 17204 | Lair:6   | Found a frozen archway.
 17249 | IceCv    | Entered an ice cave
 17458 | IceCv    | Mangled by an ice devil

Vault maps used:
D:1:      sevenhm_arrival_forest_fort_small_6, minmay_misc_feat_iff
D:2:      old_standard_altar, minmay_misc_feat_more_columns,
          roderic_serpentine_path, minmay_misc_feat_pillars,
          grunt_gozag_breadcrumbs
D:3:      marbit_many_paths, uniq_crazy_yiuf_cottage, uniq_natasha
D:4:      lemuel_zombie_altar_yredelemnul, first_bread, tgw_trog, uniq_pikel
D:5:      grunt_dithmenos_smoke_and_mirrors, uniq_eustachio
D:6:      minmay_temple_entry_junction2, lightli_ossuary_entry_decrepit_ruins,
          portal_sewer_entry_c, minmay_misc_feat_alley, okawaru_trees_2
D:7:      kennysheep_vampire_church, serial_shops, shop, grunt_ogre_cave
D:8:      elyvilon_altar_1, serial_shops, kennysheep_little_box,
          kennysheep_mini, nicolae_shop_trees, shop, serial_bayou,
          serial_bayou_shore_a, serial_bayou_pond_c, serial_bayou_ford_a,
          serial_bayou_pond_e, uniq_grum
D:9:      kennysheep_spiral_hall, nicolae_ashenzari_panopticon, lair_0_dummy
D:10:     zombieorc1_lemuel
Lair:1:   nicolae_volcano_entry_two_sided, grunt_forest_large_clearings
Lair:2:   statuecave_lemuel
Lair:3:   serial_bayou_crossing
Lair:5:   minmay_swamp_entry_worms, lemuel_fruit_fields
Lair:6:   minmay_snake_entry_six_corridors, portal_ice_cave_entry_pillars_01,
          infiniplex_staircase_pool
Orc:1:    cheibrodos_orc_bank, serial_shops, nicolae_shop_crystal, uniq_erolcha
Ossuary:  ossuary_due_mausoleum
IceCv:    ice_cave_tombish
Volcano:  volcano_overflow

Action                   |  1- 3 |  4- 6 |  7- 9 | 10-12 | 13-15 || total
-------------------------+-------+-------+-------+-------+-------++-------
Melee: Dagger            |    60 |    60 |   374 |   471 |    41 ||  1006
       Short sword       |       |       |       |    85 |       ||    85
Throw: Tomahawk          |     4 |       |     4 |       |       ||     8
       Javelin           |       |       |     7 |     5 |       ||    12
 Cast: Corona            |    10 |       |       |     2 |       ||    12
       Ensorcelled Hiber |    22 |    38 |    80 |   163 |     8 ||   311
       Dazzling Spray    |     2 |     2 |    31 |    64 |     4 ||   103
       Confuse           |       |       |     2 |    36 |     6 ||    44
Evoke: Rod               |       |     3 |    15 |    23 |       ||    41
       Wand              |       |       |    12 |     8 |       ||    20
       Fan of gales      |       |       |       |     1 |       ||     1
  Use: Potion            |     1 |     1 |       |     1 |       ||     3
       Scroll            |       |       |    11 |    25 |       ||    36
 Stab: Sleeping          |    14 |    39 |    63 |   134 |     5 ||   255
       Invisible         |       |     1 |     6 |    15 |     2 ||    24
       Confused          |       |       |     8 |    19 |     2 ||    29
       Distracted        |       |       |     1 |     2 |       ||     3
  Eat: Corpse            |    13 |    12 |    25 |    61 |     4 ||   115
